MLB
MINNESOTA TWINS @ CHICAGO WHITE SOX
06/25/2099
 
TOP OF THE 1ST
Minnesota Twins batting - Pitching for Chicago White Sox : LHP Curtis Moore
Pitching: LHP Curtis Moore
Batting: RHB David Bazley 0-0: Called Strike
0-1: Foul Ball, location: 2RF
0-2: Fly out, F7 (Flyball, 7, EV 90.6 MPH)
Batting: SHB William Maki 0-0: Fly out, F8 (Flyball, 8RXD, EV 110.6 MPH)
Batting: RHB Bill Widby 0-0: Called Strike
0-1: Foul Ball, location: 5FF
0-2: Ball
1-2: Ball
2-2: Ball
3-2: Foul Ball, location: 2F
3-2: Fly out, F9 (Flyball, 9D, EV 85.6 MPH)
Top of the 1st over - 0 runs, 0 hits, 0 errors, 0 left on base; Minnesota 0 - Chicago 0
BOTTOM OF THE 1ST
Chicago White Sox batting - Pitching for Minnesota Twins : RHP Ryan Sassi
Pitching: RHP Ryan Sassi
Batting: RHB Luis Marquina 0-0: Called Strike
0-1: Ball
1-1: Ball
2-1: Ball
3-1: Called Strike
3-2: Fly out, F4 (Popup, 4M, EV 55.0 MPH)
Batting: RHB Brian Jones 0-0: Ball
1-0: Called Strike
1-1: Hit by Pitch
Batting: LHB Dan Roos 0-0: Ball
1-0: Ball
2-0: Swinging Strike
2-1: Ball
3-1: Base on Balls
Brian Jones to second
Batting: LHB Tim Eaton 0-0: Ball
1-0: Called Strike
1-1: Ball
2-1: Ball
3-1: Base on Balls
Brian Jones to third
Dan Roos to second
Batting: LHB Bryan Lupo 0-0: Ball
1-0: Fly out, F7 (Flyball, 7D, EV 91.9 MPH)
Runner from 3rd tags up, SCORES, no throw by LF
Batting: RHB Cory Gilmore 0-0: Ball
1-0: Ball
2-0: Swinging Strike
2-1: Swinging Strike
2-2: Ball
3-2: Fly out, F3 (Popup, 3, EV 55.6 MPH)
Bottom of the 1st over - 1 run, 0 hits, 0 errors, 2 left on base; Minnesota 0 - Chicago 1
TOP OF THE 2ND
Minnesota Twins batting - Pitching for Chicago White Sox : LHP Curtis Moore
Batting: RHB Joe Looby 0-0: Ball
1-0: Foul Ball, location: 5F
1-1: Ball
2-1: Foul Ball, location: 9LDF
2-2: Fly out, F3 (Popup, 3S, EV 85.0 MPH)
Batting: RHB Greg Schuler 0-0: Foul Ball, location: 2F
0-1: Ball
1-1: Foul Ball, location: 25F
1-2: Ball
2-2: Strikes out swinging
Batting: LHB Emilio Gonzales 0-0: Called Strike
0-1: Fly out, F6 (Popup, 6, EV 58.8 MPH)
Top of the 2nd over - 0 runs, 0 hits, 0 errors, 0 left on base; Minnesota 0 - Chicago 1
BOTTOM OF THE 2ND
Chicago White Sox batting - Pitching for Minnesota Twins : RHP Ryan Sassi
Batting: RHB Butch Arnett 0-0: Ball
1-0: Swinging Strike
1-1: Ball
2-1: Swinging Strike
2-2: Fly out, F9 (Flyball, 9LS, EV 93.1 MPH)
Batting: LHB Kenny Helm 0-0: Called Strike
0-1: Swinging Strike
0-2: Fly out, F9 (Line Drive, 9, EV 101.9 MPH)
Batting: SHB Jeremy Nussbaum 0-0: Fly out, F8 (Flyball, 8RXD, EV 83.8 MPH)
Bottom of the 2nd over - 0 runs, 0 hits, 0 errors, 0 left on base; Minnesota 0 - Chicago 1
TOP OF THE 3RD
Minnesota Twins batting - Pitching for Chicago White Sox : LHP Curtis Moore
Batting: SHB Nick White 0-0: Called Strike
0-1: Ball
1-1: Called Strike
1-2: Fly out, F5 (Line Drive, 5, EV 66.3 MPH)
Batting: RHB Adam Ramsey 0-0: DOUBLE (Line Drive, 7LM, EV 108.8 MPH)
Batting: RHB Dennis Jackson 0-0: Ball
1-0: Ball
2-0: Foul Ball, location: 2F
2-1: SINGLE (Line Drive, 8LS, EV 97.5 MPH)
Adam Ramsey to third
Batting: RHB David Bazley 0-0: Called Strike
0-1: Foul Ball, location: 2LF
0-2: Foul Ball, location: 5FF
0-2: Fly out, F7 (Flyball, 78S, EV 86.3 MPH)
Batting: SHB William Maki 0-0: Ball
1-0: SINGLE (Groundball, 6MD, EV 103.8 MPH)
Adam Ramsey scores
Dennis Jackson to second
Runner from 2nd tries for 3rd, OUT! 8-5
Top of the 3rd over - 1 run, 3 hits, 0 errors, 1 left on base; Minnesota 1 - Chicago 1
BOTTOM OF THE 3RD
Chicago White Sox batting - Pitching for Minnesota Twins : RHP Ryan Sassi
Batting: RHB Luis Marquina 0-0: Ball
1-0: Ball
2-0: Called Strike
2-1: Swinging Strike
2-2: Foul Ball, location: 5SF
2-2: Ball
3-2: Ground out 6-3 (Groundball, 56D, EV 100.6 MPH)
Batting: RHB Brian Jones 0-0: Ground out 6-3 (Groundball, 6, EV 86.9 MPH)
Batting: LHB Dan Roos 0-0: Called Strike
0-1: Ball
1-1: Called Strike
1-2: Ball
2-2: Ball
3-2: Base on Balls
Batting: LHB Tim Eaton 0-0: Foul Ball, location: 2F
0-1: Called Strike
Dan Roos is caught stealing 2nd base 2-6
Bottom of the 3rd over - 0 runs, 0 hits, 0 errors, 0 left on base; Minnesota 1 - Chicago 1
TOP OF THE 4TH
Minnesota Twins batting - Pitching for Chicago White Sox : LHP Curtis Moore
Batting: RHB Bill Widby 0-0: Ball
1-0: Called Strike
1-1: Swinging Strike
1-2: Ball
2-2: Ball
3-2: Fly out, F8 (Flyball, 8LXD, EV 111.9 MPH)
Batting: RHB Joe Looby 0-0: Called Strike
0-1: Ball
1-1: Ground out 6-3 (Groundball, 6, EV 106.9 MPH)
Batting: RHB Greg Schuler 0-0: Ball
1-0: Ball
2-0: Called Strike
2-1: Swinging Strike
2-2: Foul Ball, location: 2RF
2-2: Strikes out swinging
Top of the 4th over - 0 runs, 0 hits, 0 errors, 0 left on base; Minnesota 1 - Chicago 1
BOTTOM OF THE 4TH
Chicago White Sox batting - Pitching for Minnesota Twins : RHP Ryan Sassi
Batting: LHB Tim Eaton 0-0: Called Strike
0-1: Ball
1-1: Foul Ball, location: 2F
1-2: Foul Ball, location: 5F
1-2: Ball
2-2: Ball
3-2: SOLO HOME RUN (Flyball, 9D, EV 100.0 MPH), Distance : 366 ft
Batting: LHB Bryan Lupo 0-0: Foul Ball, location: 5SF
0-1: Foul Ball, location: 5SF
0-2: Foul Ball, location: 2F
0-2: Strikes out looking
Batting: RHB Cory Gilmore 0-0: Ball
1-0: Called Strike
1-1: Ball
2-1: Ball
3-1: SINGLE (Flyball, 4MD, EV 97.5 MPH)
Batting: RHB Butch Arnett 0-0: Called Strike
0-1: Ball
1-1: SINGLE (Groundball, 4MD, EV 102.5 MPH)
Cory Gilmore to second
Batting: LHB Kenny Helm 0-0: Swinging Strike
0-1: Ball
1-1: Ball
2-1: TRIPLE (Flyball, 89XD, EV 99.4 MPH)
Cory Gilmore scores
Butch Arnett scores
Batting: SHB Jeremy Nussbaum 0-0: Ball
1-0: Ground out U3 (Groundball, 3, EV 103.1 MPH)
Batting: RHB Luis Marquina 0-0: Called Strike
0-1: Ball
1-1: Foul Ball, location: 5FF
1-2: Ball
2-2: Foul Ball, location: 9LMF
2-2: Ball
3-2: Base on Balls
Batting: RHB Brian Jones 0-0: Called Strike
0-1: Foul Ball, location: 9LSF
0-2: Ball
1-2: SINGLE (Line Drive, 7LS, EV 95.0 MPH)
Kenny Helm scores
Luis Marquina to second
Runner from 2nd tries for 3rd, SAFE, throw by LF made to third
Pitching: LHP Andres Martines
Batting: LHB Dan Roos 0-0: Called Strike
0-1: Ball
1-1: Swinging Strike
1-2: Ball
2-2: Strikes out looking
Bottom of the 4th over - 4 runs, 5 hits, 0 errors, 2 left on base; Minnesota 1 - Chicago 5
TOP OF THE 5TH
Minnesota Twins batting - Pitching for Chicago White Sox : LHP Curtis Moore
Batting: LHB Emilio Gonzales 0-0: Swinging Strike
0-1: Ball
1-1: Ball
2-1: Called Strike
2-2: Foul Ball, location: 5DF
2-2: Fly out, F6 (Popup, P, EV 79.4 MPH)
Batting: SHB Nick White 0-0: Called Strike
0-1: Foul Ball, location: 2F
0-2: Ball
1-2: Ball
2-2: Ground out 6-3 (Groundball, 6, EV 87.5 MPH)
Batting: RHB Adam Ramsey 0-0: Called Strike
0-1: Called Strike
0-2: SINGLE (Groundball, 4MD, EV 100.6 MPH)
Batting: RHB Dennis Jackson 0-0: Called Strike
0-1: Ball
1-1: Ball
2-1: Foul Ball, location: 3FF
2-2: Ground out 4-3 (Groundball, 34, EV 84.4 MPH)
Top of the 5th over - 0 runs, 1 hit, 0 errors, 1 left on base; Minnesota 1 - Chicago 5
BOTTOM OF THE 5TH
Chicago White Sox batting - Pitching for Minnesota Twins : LHP Andres Martines
Batting: LHB Tim Eaton 0-0: Ball
1-0: Ground out 6-3 (Groundball, 6, EV 91.3 MPH)
Batting: LHB Bryan Lupo 0-0: Ball
1-0: Ball
2-0: Ball
3-0: Base on Balls
Batting: RHB Cory Gilmore 0-0: Ball
1-0: Called Strike
1-1: Ball
2-1: Ball
3-1: Base on Balls
Bryan Lupo to second
Pitching: RHP Mario Prado
Batting: RHB Butch Arnett 0-0: Called Strike
0-1: Ball
1-1: Ball
2-1: Swinging Strike
2-2: Ball
3-2: Fly out, F4 (Popup, 34S, EV 74.4 MPH)
Batting: LHB Kenny Helm 0-0: Foul Ball, location: 2F
0-1: SINGLE (Groundball, 6, EV 85.0 MPH) (infield hit)
Bryan Lupo to third
Cory Gilmore to second
Batting: SHB Jeremy Nussbaum 0-0: Ball
1-0: Ball
2-0: Called Strike
2-1: Ball
3-1: Called Strike
3-2: Ground out U3 (Groundball, 3, EV 95.0 MPH)
Bottom of the 5th over - 0 runs, 1 hit, 0 errors, 3 left on base; Minnesota 1 - Chicago 5
TOP OF THE 6TH
Minnesota Twins batting - Pitching for Chicago White Sox : LHP Curtis Moore
Batting: RHB David Bazley 0-0: Called Strike
0-1: Swinging Strike
0-2: Foul Ball, location: 5FF
0-2: Strikes out swinging
Batting: SHB William Maki 0-0: Ball
1-0: Swinging Strike
1-1: Foul Ball, location: 7LMF
1-2: Fly out, F3 (Popup, 3S, EV 81.3 MPH)
Batting: RHB Bill Widby 0-0: Called Strike
0-1: SOLO HOME RUN (Flyball, 9D, EV 95.0 MPH), Distance : 370 ft
Batting: RHB Joe Looby 0-0: Foul Ball, location: 5F
0-1: Foul Ball, location: 7LMF
0-2: Ball
1-2: SOLO HOME RUN (Flyball, 7D, EV 96.3 MPH), Distance : 355 ft
Batting: RHB Greg Schuler 0-0: Called Strike
0-1: Ball
1-1: Foul Ball, location: 7LDF
1-2: Ball
2-2: Foul Ball, location: 23F
2-2: Ball
3-2: Strikes out looking
Top of the 6th over - 2 runs, 2 hits, 0 errors, 0 left on base; Minnesota 3 - Chicago 5
BOTTOM OF THE 6TH
Chicago White Sox batting - Pitching for Minnesota Twins : RHP Mario Prado
Batting: RHB Luis Marquina 0-0: Called Strike
0-1: Ball
1-1: Ball
2-1: Ball
3-1: Swinging Strike
3-2: Base on Balls
Pitching: LHP Efrain Espinoza
Batting: RHB Brian Jones 0-0: Called Strike
0-1: Ball
1-1: Bunted foul
1-2: Grounds into double play, 5-4-3 (Groundball, 56, EV 86.3 MPH)
Batting: LHB Dan Roos 0-0: Called Strike
0-1: Foul Ball, location: 7LMF
0-2: Foul Ball, location: 5SF
0-2: Strikes out looking
Bottom of the 6th over - 0 runs, 0 hits, 0 errors, 0 left on base; Minnesota 3 - Chicago 5
TOP OF THE 7TH
Minnesota Twins batting - Pitching for Chicago White Sox : LHP Curtis Moore
Pitching: LHP Jason Payne
Batting: LHB Emilio Gonzales 0-0: Ball
1-0: Ball
2-0: Called Strike
2-1: Foul Ball, location: 2F
2-2: Fly out, F7 (Flyball, 7D, EV 100.0 MPH)
Batting: SHB Nick White 0-0: Ball
1-0: Called Strike
1-1: Ball
2-1: Fly out, F6 (Flyball, 4MD, EV 91.3 MPH)
Batting: RHB Adam Ramsey 0-0: Foul Ball, location: 2F
0-1: Foul Ball, location: 2F
0-2: Ball
1-2: Strikes out swinging
Top of the 7th over - 0 runs, 0 hits, 0 errors, 0 left on base; Minnesota 3 - Chicago 5
BOTTOM OF THE 7TH
Chicago White Sox batting - Pitching for Minnesota Twins : LHP Efrain Espinoza
Batting: LHB Tim Eaton 0-0: Ball
1-0: Ball
2-0: Swinging Strike
2-1: Called Strike
2-2: Strikes out swinging
Batting: LHB Bryan Lupo 0-0: Ground out 1-3 (Groundball, 13S, EV 62.5 MPH)
Batting: RHB Cory Gilmore 0-0: Ball
1-0: Foul Ball, location: 2F
1-1: Swinging Strike
1-2: Strikes out swinging
Bottom of the 7th over - 0 runs, 0 hits, 0 errors, 0 left on base; Minnesota 3 - Chicago 5
TOP OF THE 8TH
Minnesota Twins batting - Pitching for Chicago White Sox : LHP Jason Payne
Batting: RHB Dennis Jackson 0-0: Ball
1-0: Ball
2-0: Ground out 5-3 (Groundball, 56, EV 109.4 MPH)
Batting: RHB David Bazley 0-0: Called Strike
0-1: Foul Ball, location: 9LDF
0-2: Foul Ball, location: 2LF
0-2: Ball
1-2: Strikes out swinging
Batting: SHB William Maki 0-0: Ball
1-0: Ball
2-0: Fly out, F6 (Popup, 6M, EV 60.0 MPH)
Top of the 8th over - 0 runs, 0 hits, 0 errors, 0 left on base; Minnesota 3 - Chicago 5
BOTTOM OF THE 8TH
Chicago White Sox batting - Pitching for Minnesota Twins : LHP Efrain Espinoza
Pitching: RHP Jaden Moore
Batting: RHB Butch Arnett 0-0: Ground out 4-3 (Groundball, 34D, EV 102.5 MPH)
Batting: LHB Kenny Helm 0-0: Foul Ball, location: 25FF
0-1: Foul Ball, location: 25FF
0-2: Ball
1-2: Ground out 1-3 (Groundball, 13S, EV 68.1 MPH)
Batting: SHB Jeremy Nussbaum 0-0: Called Strike
0-1: Ball
1-1: Ball
2-1: Ground out 4-3 (Groundball, 34D, EV 91.3 MPH)
Bottom of the 8th over - 0 runs, 0 hits, 0 errors, 0 left on base; Minnesota 3 - Chicago 5
TOP OF THE 9TH
Minnesota Twins batting - Pitching for Chicago White Sox : LHP Jason Payne
Pitching: RHP Tony Wallace
Batting: RHB Bill Widby 0-0: Foul Ball, location: 2F
0-1: Ball
1-1: Called Strike
1-2: Ball
2-2: Foul Ball, location: 2LF
2-2: Strikes out looking
Batting: RHB Joe Looby 0-0: Called Strike
0-1: Ball
1-1: Called Strike
1-2: Ball
2-2: Ball
3-2: Foul Ball, location: 7LSF
3-2: Fly out, F7 (Line Drive, 7, EV 90.6 MPH)
Batting: RHB Greg Schuler 0-0: Foul Ball, location: 23F
0-1: Foul Ball, location: 2F
0-2: Fly out, F9 (Line Drive, 9S, EV 101.9 MPH)
Top of the 9th over - 0 runs, 0 hits, 0 errors, 0 left on base; Minnesota 3 - Chicago 5
Friday, May 10th , 2024 - OOTP Baseball 24.11 Build 85